 Dungeon Crawl Stone Soup version 0.31-a0-339-gda1cbd555d (webtiles) character file.

Game seed: 12936983390720027083

79 LeprechaunX the Ruffian (level 4, 0/29 HPs)
             Began as an Octopode Shapeshifter on July 20, 2023.
             Succumbed to an adder's poison
             ... on level 3 of the Dungeon.
             The game lasted 00:01:26 (1131 turns).

LeprechaunX the Ruffian (Octopode Shapeshifter)     Turns: 1131, Time: 00:01:26

Health: 0/29       AC:  1    Str: 20    XL:     4   Next: 37%
Magic:  4/4        EV: 13    Int: 10    God:
Gold:   117        SH:  0    Dex: 12    Spells: 3/3 levels left

rFire   . . .        m - +10 spear of Pesar {heavy, rCorr Str+4 Stlth+}
rCold   . . .        (no shield)
rNeg    . . .        (helmet currently unavailable)
rPois   .            (no amulet)
rElec   .            (no ring)
rCorr   +            (no ring)
SInv    .            (no ring)
Will    .....        (no ring)
Stlth   +++          (no ring)
HPRegen 0.24/turn    (no ring)
MPRegen 0.09/turn    (no ring)
                     (no ring)

%: no passive effects
@: lethally poisoned (0 -> -1), beast-form
A: beast (slay +2), almost no armour, amphibious, 8 rings, camouflage 1,
gelatinous body 1, (nimble swimmer 1), tentacles
a: Begin Untransformation


You were on level 3 of the Dungeon.
You were a hulking beast.
You visited 1 branch of the dungeon, and saw 3 of its levels.

You collected 117 gold pieces.

Inventory:

Hand Weapons
 m - the +10 spear of Pesar (weapon) {heavy, rCorr Str+4 Stlth+}
   (You found it on level 2 of the Dungeon)

   Str:       It affects your strength (+4).
   rCorr:     It protects you from acid and corrosion.
   Stlth:     It makes you more stealthy.
Talismans
 b - a beast talisman
Scrolls
 e - a scroll of brand weapon {unknown}
 f - 2 scrolls of fog {unknown}
 j - 2 scrolls of identify {unknown}
 k - a scroll of vulnerability {unknown}
 l - a scroll of noise {unknown}
 o - a scroll of teleportation {unknown}
Potions
 a - a potion of lignification
 c - a potion of might {unknown}
 d - 2 potions of haste {unknown}
 g - 2 potions of degeneration {unknown}
 h - 2 potions of cancellation {unknown}
 i - a potion of curing {unknown}
 n - a potion of heal wounds {unknown}


   Skills:
 + Level 1.7 Fighting
 + Level 0.9 Polearms
 + Level 2.4 Dodging
 * Level 3.8 Unarmed Combat
 * Level 3.4 Shapeshifting


You had 3 spell levels left.
You didn't know any spells.
Your spell library contained the following spells:

 Spells                   Type           Power      Damage    Failure   Level
 Conjure Ball Lightning   Conj/Air       0%         3x3d6     100%        6
 Discord                  Hex            0%         N/A       100%        8
 Disjunction              Tloc           0%         N/A       100%        8


Dungeon Overview and Level Annotations

Branches:
Dungeon (3/15)

Altars:


Innate Abilities, Weirdness & Mutations

You are a hulking beast.
Your limbs bulge with bestial killing power. (Slay +2)
You cannot wear most types of armour.
You are amphibious.
You can wear up to eight rings at the same time.
Your skin changes colour to match your surroundings (Stealth+).
Your rubbery body absorbs attacks. (AC +1, EV +1)
((You are camouflaged when in or above water. (Stealth+)))
You have tentacles for arms and can constrict up to eight enemies at once.


Message History

No target in view!
No target in view!
An orc comes into view. It is wielding a +0 short sword.
An orc is nearby!
Found a blade talisman.
An orc priest comes into view. It is wielding a +0 falchion.
You reach to attack!
The helpless orc fails to defend itself.
You puncture the orc!
You kill the orc! 2 orcs and an orc wizard come into view.
The helpless orc wizard fails to defend itself.
You puncture the orc wizard!
The adder hisses angrily.
You grab the orc wizard.
The orc wizard is severely wounded.
You constrict the orc wizard. The orc wizard misses you.
The orc wizard casts a spell at you.
You are confused.
The orc shouts!
The orc priest shouts!
The orc shouts!
You puncture the orc wizard!
You kill the orc wizard!
The adder bites you.
You have reached level 4!
You bump into the rock wall.
The adder bites you.
The orc priest hits you with a +0 falchion.
The orc hits you with a +0 hand axe! The adder bites you.
You are poisoned.
The adder poisons you!
Unknown command.
The orc attacks as you move away! The orc hits you with a +0 hand axe.
* * * LOW HITPOINT WARNING * * *
You feel sick. The adder barely misses you.
You bump into the rock wall.
You feel sick.
The orc priest hits you with a +0 falchion.
* * * LOW HITPOINT WARNING * * *
The adder barely misses you.
You bump into the rock wall.
You feel less confused.
You die...

#. #.# #.# #.#
#####.###
#...◎...#
#...#)#.######
#..Soo...... ##
##.h#)####.# #.#
##.#o# #.###.##.#
#.#.## .# #+#
#..####.# #.#
#.......#
#.#########.######
##.##........#
##<..#.########


You could see an orc priest, an adder and an orc.

Vanquished Creatures
  An orc wizard (D:3)
  An adder (D:2)
  2 worms (D:2)
  2 dart slugs
  An orc (D:3)
  2 ball pythons (D:2)
  3 bats
  4 endoplasms (D:2)
  5 giant cockroaches
  2 goblins
  A hobgoblin (D:2)
  A kobold (D:1)
  3 quokkas
  3 rats (D:2)
31 creatures vanquished.

Notes
Turn   | Place    | Note
-------+----------+-------------------------------------------
     0 | D:1      | LeprechaunX the Octopode Shapeshifter began the quest for
                  | the Orb.
     0 | D:1      | Reached XP level 1. HP: 13/13 MP: 1/1
   200 | D:1      | Reached XP level 2. HP: 17/18 MP: 2/2
   521 | D:2      | Identified the +10 spear of Pesar {heavy, rCorr Str+4
                  | Stlth+}
   548 | D:2      | Reached XP level 3. HP: 23/23 MP: 3/3
  1128 | D:3      | Reached XP level 4. HP: 27/29 MP: 4/4
  1130 | D:3      | HP: 1/29 [orc priest/+0 falchion (4)]
  1131 | D:3      | Succumbed to an adder's poison

Illustrated notes

Levels and vault maps discovered:
D:1:      lightli_arrival_boilingwater, layout_rooms
D:2:      layout_loops_cross, hangedman_decor_points, minmay_heptomino_l4
D:3:      layout_loops_corners, mainiacjoe_overflow_cross_hatched,
          ebering_ecumenical_altar_mist, minivault_14, uniq_grinder

Action                     |  1- 3 |  4- 6 || total
---------------------------+-------+-------++-------
  Melee: Unarmed           |    20 |       ||    20
         Constrict         |    10 |       ||    10
         Spear             |    22 |       ||    22
         Punch             |     2 |       ||     2
         Tentacles         |     1 |       ||     1
   Stab: Sleeping          |    14 |       ||    14
 Armour: Skin              |     1 |       ||     1
  Dodge: Dodged            |    17 |     2 ||    19

Table legend: (Time is in decaauts)
 A = Elapsed time spent in this place.
 B = Non-inter-level travel time spent in this place.
 C = Inter-level travel time spent in this place.
 D = Time resting spent in this place.
 E = Time spent auto-exploring this place.
 F = Levels seen in this place.
 G = Mean time per level.
                   A        B        C        D        E       F      G
               +--------+--------+--------+--------+--------+-----+--------+
         Total |   1143 |   1080 |     63 |      0 |    888 |   3 |  381.0 |
       Dungeon |   1143 |   1080 |     63 |      0 |    888 |   3 |  381.0 |
               +--------+--------+--------+--------+--------+-----+--------+

Top non-repeatable levels by time:
     D:2: 670 daAuts
     D:1: 445 daAuts
     D:3: 27 daAuts
